 Dungeon Sprint DCSS version 0.22.1-2-g9c5b331383 (webtiles) character file.

576 Groucho the Unseen (level 7, -13/37 HPs)
             Began as a Felid Berserker on Dec 11, 2018.
             Was a High Priest of Trog.
             Mangled by a tentacle (26 damage)
             ... attached to a kraken
             ... in the Dungeon (Sprint II: "The Violet Keep of Menkaure").
             The game lasted 00:07:14 (1642 turns).

Groucho the Unseen (Felid Berserker)                Turns: 1642, Time: 00:07:15

Health: -13/37     AC:  2    Str: 11 (13) XL:     7   Next: 12%
Magic:  8/8        EV: 26    Int:  5 (8)  God:    Trog [*****.]
Gold:   991        SH:  0    Dex: 17 (19) Spells: 6/6 levels left
                                        Lives:  0   Deaths: 2

rFire    + . .     SeeInvis +     - Unarmed
rCold    + . .     Gourm    .   (shield unavailable)
rNeg     . . .     Faith    .   (armour unavailable)
rPois    +         Spirit   .   (helmet unavailable)
rElec    +         Reflect  .   (cloak unavailable)
rCorr    +         Harm     .   (gloves unavailable)
MR       +++..     NoTele   +   (boots unavailable)
Stlth    ++++++++..             (no amulet)
HPRegen  1.00/turn              (no ring)
MPRegen  0.11/turn              (no ring)

@: resistant, berserk cooldown, flying, regenerating, slowed, slow
A: very small, no armour, no weapons or thrown items, stealth, claws 1, fangs 3,
see invisible, carnivore, speed 1, mutation resistance 1, shaggy fur 2,
inhibited regeneration, slow metabolism 1, sharp paws
a: Berserk, Trog's Hand, Brothers in Arms, Renounce Religion


You were in the Dungeon.
You worshipped Trog.
Trog was extremely pleased with you.
You were not hungry.

You visited 1 branch You collected 991 gold pieces.

Inventory:

Jewellery
 h - a +1 ring of protection {unknown}
Scrolls
 a - 3 scrolls of identify {unknown}
 l - a scroll of fog {unknown}
 m - a scroll of remove curse {unknown}
 o - a scroll of enchant armour {unknown}
Potions
 b - 2 potions of flight
 c - 2 potions of invisibility {unknown}
 d - a potion of haste
 e - 5 potions of magic
 f - 2 potions of heal wounds
 g - a potion of curing
 i - a potion of lignification {unknown}
 j - 4 potions of degeneration
 n - 2 potions of resistance
Comestibles
 k - 4 rations


   Skills:
 + Level 8.1 Fighting
 + Level 10.5 Dodging
 + Level 20.6 Stealth
 + Level 8.1 Unarmed Combat


You had 6 spell levels left.
You didn't know any spells.
Your spell library was empty.

Dungeon Overview and Level Annotations

Branches:
Dungeon (1/1)

Altars:
Cheibriados
Dithmenos
Elyvilon
Hepliaklqana
Kikubaaqudgha
Qazlal
Ru
Sif Muna
Trog
Uskayaw
Wu Jian
Xom
Yredelemnul
Zin
The Shining One
Beogh
Jiyva
Lugonu

Shops:
D :?:=%([![=[:[}![

Annotations:
D exclusion: oklob plant, Murray


Innate Abilities, Weirdness & Mutations

You cannot wear armour.
You are incapable of wielding weapons or throwing items.
Your paws allow you to move quietly. (Stealth)
You have sharp claws.
You have razor-sharp teeth.
You have supernaturally acute eyesight. (SInv)
You are carnivorous and can eat meat at any time.
You cover ground quickly.
You are covered in thick fur. (AC +2)
You have a slow metabolism.
Your sharp claws are effective at attacking unaware monsters.
You are somewhat resistant to further mutation.
You do not regenerate when monsters are visible.


Message History

You scratch the kraken.
The kraken is lightly wounded.
You are no longer berserk.
You are exhausted.
You feel yourself slow down. The kraken barely misses you.
The tentacle completely misses you. x2
Unknown command.
Unknown command.
You scratch the kraken. You claw the kraken, but do no damage.
The kraken is lightly wounded.
The kraken barely misses you. The tentacle slaps you!
The tentacle completely misses you. The kraken completely misses you.
The tentacle misses you. The tentacle barely misses you.
Unknown command.
Unknown command.
You scratch the kraken but do no damage.
The kraken is lightly wounded.
The tentacle slaps you!!
Ouch! That really hurt!
You die...

§ .#::▓.....(.(▓▓
§##§#)[▓)(.(..(.▓▓
§§k####▓..[....(▓▓
#k8##)#▓)((.[(..▓▓
+§§#..#▓......(.▓▓
#^.#.÷#▓.[.)..).▓▓
#..##.#▓.(.(.(.(▓▓
##...##▓▓▓▓▓▓▓'▓▓▓▓+▓
.≈≈≈≈≈≈≈≈≈≈≈≈≈..@Xw≈▓
.≈#+########+###www≈▓
.≈#.._._._.#§§ ##≈≈≈▓
.≈#._._._..#§≈≈ ###▓
≈≈#_._._._.#§§≈§
§≈#._._._._#§§t§
§§#.._._._.# ≈§#..._
≈≈#....


You could see a kraken and 4 tentacles.

Vanquished Creatures
  A merfolk siren (D)
  A yaktaur (D)
  3 polar bears (D)
  A hornet (D)
  A vampire mosquito (D)
  Menkaure (D)
  4 necrophages (D)
  A crocodile (D)
  4 worker ants (D)
  3 worms (D)
20 creatures vanquished.

Vanquished Creatures (others)
  2 ballistomycetes (D)
  2 ballistomycete spores (D)
4 creatures vanquished.

Grand Total: 24 creatures vanquished

Notes
Turn   | Place    | Note
-------+----------+-------------------------------------------
     0 | D        | Groucho the Felid Berserker began the quest for the Orb.
     0 | D        | Reached XP level 1. HP: 10/10 MP: 2/2
     1 | D        | Noticed a worker ant
     1 | D        | Noticed a worker ant
     1 | D        | Noticed a worker ant
     1 | D        | Noticed a worker ant
     9 | D        | Killed a worker ant
     9 | D        | Reached skill level 7 in Stealth
     9 | D        | Reached XP level 2. HP: 13/14 MP: 3/3
    12 | D        | Reached skill level 9 in Stealth
    12 | D        | Reached XP level 3. HP: 15/17 MP: 4/4
    14 | D        | Reached ** piety under Trog
    14 | D        | Reached skill level 11 in Stealth
    14 | D        | Reached XP level 4. HP: 19/21 MP: 5/5
    16 | D        | Reached skill level 12 in Stealth
   225 | D        | Noticed a merfolk siren
   232 | D        | Killed a merfolk siren
   232 | D        | Reached skill level 18 in Stealth
   232 | D        | Reached XP level 5. HP: 21/24 MP: 6/6
   232 | D        | Gained mutation: You are covered in thick fur. (AC +2)
                  | [Felid growth]
   232 | D        | Reached XP level 6. HP: 24/28 MP: 7/7
   350 | D        | Reached *** piety under Trog
   350 | D        | Reached XP level 7. HP: 31/31 MP: 8/8
   355 | D        | Reached skill level 5 in Dodging
   355 | D        | Reached skill level 19 in Stealth
   361 | D        | Reached skill level 5 in Fighting
   361 | D        | Reached skill level 5 in Unarmed Combat
   405 | D        | Reached **** piety under Trog
   433 | D        | Found Imotai's Distillery.
   433 | D        | Found Waigoir's Book Shoppe.
   433 | D        | Found Virobbe's Gadget Shoppe.
   433 | D        | Found Vaurecw's Antique Armour Emporium.
   433 | D        | Found Igotout's Antique Armour Shoppe.
   433 | D        | Found Pohubbaomy's Antique Armour Emporium.
   434 | D        | Found Olorgha's Distillery.
   434 | D        | Found Afuahin's Jewellery Shoppe.
   434 | D        | Found Voifior's Armour Emporium.
   434 | D        | Found Lahewup's Food Shoppe.
   434 | D        | Found Gazoas's Jewellery Emporium.
   455 | D        | Found Divoxol's Book Shoppe.
   455 | D        | Found Oreemias's Magic Scroll Emporium.
   456 | D        | Found Selam's Antique Armour Shoppe.
   456 | D        | Found Sanlil's Antique Weapon Emporium.
   456 | D        | Noticed a hell hog
   457 | D        | Noticed Menkaure
   457 | D        | Noticed a hell hog
   457 | D        | Noticed an oklob plant
   459 | D        | Noticed an ice dragon
   482 | D        | Killed Menkaure
   482 | D        | Reached XP level 8. HP: 21/38 MP: 9/9
   927 | D        | Reached ***** piety under Trog
  1377 | D        | Found Xonnuwot's Book Shoppe.
  1383 | D        | Noticed a fire dragon
  1428 | D        | Found a roughly hewn altar of Beogh.
  1429 | D        | Found a hazy altar of Hepliaklqana.
  1429 | D        | Found a snail-covered altar of Cheibriados.
  1430 | D        | Found a stormy altar of Qazlal.
  1430 | D        | Found a viscous altar of Jiyva.
  1430 | D        | Found a shadowy altar of Dithmenos.
  1433 | D        | Found a sacrificial altar of Ru.
  1433 | D        | Found an ancient bone altar of Kikubaaqudgha.
  1433 | D        | Found a white marble altar of Elyvilon.
  1434 | D        | Noticed a yaktaur
  1434 | D        | Noticed a polar bear
  1434 | D        | Noticed a hornet
  1434 | D        | Noticed a polar bear
  1434 | D        | Noticed a polar bear
  1435 | D        | Killed a polar bear
  1436 | D        | Killed a polar bear
  1436 | D        | Reached skill level 20 in Stealth
  1438 | D        | Killed a polar bear
  1439 | D        | Killed a hornet
  1439 | D        | Reached skill level 10 in Dodging
  1441 | D        | Killed a yaktaur
  1441 | D        | Reached XP level 9. HP: 35/44 MP: 10/10
  1463 | D        | Found an ornate altar of the Wu Jian Council.
  1463 | D        | Found a glowing golden altar of the Shining One.
  1463 | D        | Found a shimmering altar of Xom.
  1463 | D        | Found a deep blue altar of Sif Muna.
  1463 | D        | Found a basalt altar of Yredelemnul.
  1463 | D        | Found a bloodstained altar of Trog.
  1463 | D        | Found a glowing silver altar of Zin.
  1463 | D        | Found a corrupted altar of Lugonu.
  1463 | D        | Found a hide-covered altar of Uskayaw.
  1466 | D        | Noticed a death drake
  1471 | D        | Noticed a crystal guardian
  1472 | D        | Gained mutation: You do not regenerate when monsters are
                  | visible. [potion of mutation]
  1472 | D        | Gained mutation: You are somewhat resistant to further
                  | mutation. [potion of mutation]
  1473 | D        | Noticed a death drake
  1476 | D        | Killed from afar by a death drake
  1477 | D        | Reached XP level 8. HP: -7/40 MP: 9/9
  1477 | D        | Found the +8 demon blade "Bloodbane" {slice, *Rage +Rage
                  | Stlth-}
  1479 | D        | Noticed Murray
  1483 | D        | Noticed a flying skull
  1484 | D        | Noticed a jiangshi
  1496 | D        | Noticed a shadow wraith
  1497 | D        | Noticed a flayed ghost
  1497 | D        | Slain by a shadow wraith
  1498 | D        | Reached XP level 7. HP: -5/55 MP: 8/8
  1526 | D        | Noticed a kraken
  1642 | D        | Mangled by a tentacle

Skill      XL: |  1  2  3  4  5  6  7  8 |
---------------+-------------------------+-----
Stealth        | 7 9 11 18 19 20 | 20.6
Fighting       | 5 8 |  8.1
Dodging        | 7 10 | 10.5
Unarmed Combat | 5 8 |  8.1

Action                   |  1- 3 |  4- 6 |  7- 9 || total
-------------------------+-------+-------+-------++-------
Melee: Unarmed           |    11 |     7 |    65 ||    83
       Bite              |     1 |     1 |     7 ||     9
       Punch             |       |     1 |     1 ||     2
Invok: Berserk           |     1 |     2 |     3 ||     6
       Trog's Hand       |       |     1 |     2 ||     3
       Brothers in Arms  |       |       |     1 ||     1
  Use: Potion            |       |       |     7 ||     7
       Scroll            |       |       |     1 ||     1
 Stab: Sleeping          |       |     1 |     7 ||     8
  Eat: Chunk             |       |       |    10 ||    10
       Ration            |       |       |     1 ||     1
Armor: Skin              |       |       |     2 ||     2
Dodge: Dodged            |     6 |     6 |    52 ||    64
